Purslane, chaotic male elven Priest ---- .... .... ... .. .. ---- .. --|..----- ..- .. ...|.. ..| -.--....- ---...| |......- |....- -.....----@| -- |<.......af| ---.....---- ------- Purslane the Acolyte Experience level: 5 Strength: 13 Dexterity: 13 Constitution: 13 Intelligence: 11 Wisdom: 18 Charisma: 9 Health: 0(37) Energy: 58(64) Def: 7 Gold: 397 Moves: 1592 Dungeon seed: b-oQ9VI2khm1Vkbv Game ID: Purslane_1615343905 Your Inventory: Coins $ - 397 gold pieces Weapons a - a blessed +1 mace (weapon in hand) k - 5 blessed +0 darts s - a blessed +0 dagger t - 9 +0 arrows (in quiver) u - a +0 bow (alternate weapon; not wielded) Armor e - a +0 robe (being worn) n - a +0 small shield (being worn) r - a +0 dwarvish iron helm (being worn) y - a blessed +0 pair of iron shoes (being worn) Comestibles c - a clove of garlic d - a sprig of wolfsbane m - a food ration o - a candy bar Scrolls x - a blessed scroll of create monster Spellbooks f - a spellbook of healing g - a spellbook of extra healing i - a spellbook of fireball q - a spellbook of slow monster Potions b - 4 potions of holy water Tools h - a wooden harp v - a tin whistle w - a tallow candle (0:200) Gems z - a touchstone N - a worthless piece of violet glass Y - a worthless piece of white glass Spells and supernatural/magical abilities: Name Level Category Fail Memory h - healing 1 healing 0% 93% x - extra healing 3 healing 81% 93% W - pray for help -- divine ? -- X - turn undead -- divine ? -- Your skills at the end: Fighting Skills Weapon Skills mace [Basic] Spellcasting Skills clerical spells [Basic] Final Attributes: You were piously aligned. You were sleep resistant. You had infravision. You are dead. Vanquished creatures: a dwarf lord a gnome lord 2 gnomish wizards 3 dwarves a hobbit 9 gnomes a gecko 5 jackals a fox 3 kobolds 2 sewer rats 2 grid bugs 3 lichens 4 newts 38 creatures vanquished. Voluntary challenges: You used a wielded weapon 39 times, starting on turn 81. You were illiterate. You never genocided any monsters. You never polymorphed an object. You never changed form. You used no wishes. You never split a pudding. You never wrote Elbereth's name. You never violated your personal moral code. Dungeon overview: The Dungeons of Doom: levels 1 to 3 Level 1 a fountain a long staircase Level 2 a fountain stairs to The Gnomish Mines Level 3 The Gnomish Mines: levels 3 to 4 Level 3 stairs to The Dungeons of Doom Level 4 <- You were here History has recorded: On T:1 you entered the Dungeons of Doom to retrieve the Amulet of Yendor! On T:386 you reached level 2 of The Dungeons of Doom. On T:786 you reached level 3 of The Dungeons of Doom. On T:805 you advanced to experience level 2. On T:1221 you reached level 1 of The Gnomish Mines. On T:1321 you advanced to experience level 3. On T:1346 you advanced to experience level 4. On T:1443 you advanced to experience level 5. On T:1571 you reached level 2 of The Gnomish Mines. Score breakdown: Gold: 397 ( 8843 points) Experience: 5 levels (11141 points) Exploration: 4 levels ( 7.84%) ( 7348 points) Discoveries: 3 items ( 1.05%) ( 3072 points) Valuables value: (no points given unless you survive) Artifact value: 0 ( 0 points) Variety of kills: 14 monsters ( 3.67%) ( 5750 points) Turncount: 1592 turns ( 0 points) Survival: died (score multiplied by 80%) Total score: 28923 Latest messages: You produce a high whistling sound. You stop running. The dwarf wields a pick-axe! You hit the dwarf! You kill the dwarf! There are several objects here. You hear some noises in the distance. There are several objects here. This dwarf corpse tastes terrible! You stop eating. You resume your meal. You stop eating. You resume your meal. You stop eating. You miss the soldier ant. The soldier ant bites! The soldier ant stings! You hit the soldier ant. The soldier ant bites! The soldier ant stings! You die... Final status: Goodbye Purslane the Priest, killed by a soldier ant... You died in The Gnomish Mines on dungeon level 4 with 28923 points, and 397 pieces of gold, after 1592 moves. You were level 5 with a maximum of 37 hit points when you died.